 Dungeon Crawl Stone Soup version 0.19-a0-2013-g488b080 (webtiles) character file.

7396 Faca the Basher (level 11, -1/68 HPs)
             Began as a Gargoyle Fighter on Jan 24, 2017.
             Was an Elder of Okawaru.
             Slain by a hellwing (5 damage)
             ... summoned by an orc sorcerer
             ... on level 9 of the Dungeon.
             The game lasted 00:24:06 (8108 turns).

Faca the Basher (Gargoyle Fighter)                  Turns: 8108, Time: 00:24:06

Health: -1/68      AC:  0    Str: 23    XL:     11   Next: 14%
Magic:  11/11      EV: 11    Int:  9    God:    Okawaru [****..]
Gold:   862        SH: 15    Dex: 12    Spells: 10/10 levels left

rFire  . . .     SeeInvis .     l - +1 flail (venom)
rCold  . . .     Faith    .     q - +0 plate armour
rNeg   + . .     Spirit   .     c - +0 shield
rPois  ∞         Reflect  +     (no helmet)
rElec  +                        (no cloak)
rCorr  .                        (no gloves)
MR     .....                    (no boots)
Stlth  ..........               A - +4 amulet of reflection
                                v - +5 ring of evasion
                                e - +3 ring of strength

@: corroded, drained
A: negative energy resistance 1, electricity resistance, unbreathing,
petrification resistance, rot immunity, AC +7
a: Heroism, Renounce Religion


You were on level 9 of the Dungeon.
You worshipped Okawaru.
Okawaru was greatly pleased with you.
You were not hungry.

You visited 2 branches of the dungeon, and saw 10 of its levels.
You also visited: Ossuary.

You collected 862 gold pieces.

Inventory:

Hand Weapons
 l - a +1 flail of venom (weapon)
Armour
 c - a +0 shield (worn)
 q - a +0 plate armour (worn)
Jewellery
 e - a +3 ring of strength (left hand)
 v - a +5 ring of evasion (right hand)
 A - a +4 amulet of reflection (around neck)
Wands
 p - a wand of polymorph (10/18)
 u - a wand of polymorph (11/18)
 y - a wand of clouds (1/9)
Scrolls
 a - 2 scrolls of enchant weapon
 b - 2 scrolls of recharging
 f - 6 scrolls of teleportation
 h - 3 scrolls of fog
 r - a scroll of holy word
 s - a scroll of magic mapping
Potions
 d - 4 potions of might
 g - 3 potions of agility
 i - a potion of haste
 j - a potion of heal wounds
 k - 2 potions of brilliance
 m - 3 potions of ambrosia
 n - 4 potions of curing
 o - 2 potions of resistance
 t - a potion of lignification
 w - a potion of invisibility
 x - a potion of magic
 z - a potion of cure mutation


   Skills:
 + Level 7.8(7.5) Fighting
 + Level 11.4(11.1) Maces & Flails
 + Level 7.4(7.1) Armour
 + Level 2.7(2.4) Dodging
 + Level 1.0(0.8) Stealth
 + Level 9.3(8.9) Shields


You had 10 spell levels left.
You didn't know any spells.

Dungeon Overview and Level Annotations

Branches:
Dungeon (9/15)             Temple (1/1) D:7
   Lair: D:-1           Orc: D:8-11       Crypt: Vaults:-1     Tomb: Vaults:-1

Altars:
Cheibriados
Dithmenos
Elyvilon
Hepliaklqana
Kikubaaqudgha
Okawaru
Ru
Sif Muna

Shops:
D:4 }


Innate Abilities, Weirdness & Mutations

You are resistant to torment.
Your stone body is resilient. (AC +7)
You are immune to poison.
You resist negative energy. (rN+)
You are resistant to electric shocks. (rElec)
You can survive without breathing.
You are immune to petrification.
You are immune to rotting.


Message History

You completely miss the rust devil. You block the rust devil's attack.
The rust devil hits you (4). The rust devil corrodes you!
You hit the rust devil but do no damage.
You block the hellwing's attack. x2; The rust devil hits you (0).
The rust devil corrodes you! The rust devil misses you.
You hit the rust devil but do no damage.
The hellwing hits you (11)! You block the hellwing's attack.
The rust devil hits you (6). The rust devil corrodes you!
The rust devil hits you (10)!
* * * LOW HITPOINT WARNING * * *
The rust devil corrodes you!
You hit the rust devil but do no damage.
The rust devil is poisoned.
The hellwing hits you (7)!
* * * LOW HITPOINT WARNING * * *
The hellwing closely misses you. The rust devil hits you (8)!
* * * LOW HITPOINT WARNING * * *
The rust devil corrodes you! The rust devil closely misses you.
You hit the rust devil but do no damage.
You block the hellwing's attack. The hellwing hits you (5).
You die...

# # #. .'.
#.############...##
#.#..........@4o.....
####.#.#.P.....44#......
.....##.P.8..........#..
.....#...........P.#.#
.....#......P.....8....
.....#.8.....P......####
............(...8...#
............∩:......#
.....#....8..).....##


You could see a hellwing, 2 rust devils and an orc sorcerer.

Vanquished Creatures
  A wolf spider zombie (D:9)
  A deep elf mage (D:7)
  A spiny frog (D:6)
  3 centaur skeletons (D:9)
  2 hellwings (D:9)
  2 wraiths (D:8)
  A human (D:8)
  2 water moccasins
  An orc warrior (D:6)
  2 ice beasts
  A blink frog zombie (D:9)
  2 ogres
  A phantom (D:8)
  A necrophage (D:8)
  2 centaurs
  Blork the orc (D:6)
  4 bullfrogs
  A gnoll sergeant (D:7)
  2 wyvern zombies
  A water moccasin zombie (D:7)
  4 scorpions (D:8)
  3 killer bees (D:7)
  8 wights
  3 howler monkeys
  A crimson imp (D:5)
  5 centaur zombies
  3 jellies
  7 hounds
  4 human zombies (D:8)
  5 orc priests
  9 orc wizards
  3 iguanas
  3 worker ants
  A killer bee zombie (D:8)
  5 big kobold zombies (Ossuary)
  An ogre zombie (D:8)
  5 mummies
  5 adders
  6 gnolls
  7 shadow imps
  2 oozes
  An adder skeleton (D:4)
  5 dart slugs
  5 leopard geckos
  30 orcs
  A ball python (D:1)
  2 giant cockroaches
  4 goblins
  4 hobgoblins
  6 jackals
  11 kobolds
  3 quokkas
  14 bats
  A hobgoblin zombie (Ossuary)
  9 rats
  2 fungi (D:8)
220 creatures vanquished.

Vanquished Creatures (others)
  2 fungi (D:8)
2 creatures vanquished.

Grand Total: 222 creatures vanquished

Notes
Turn   | Place    | Note
-------+----------+-------------------------------------------
     0 | D:1      | Faca the Gargoyle Fighter began the quest for the Orb.
     0 | D:1      | Reached XP level 1. HP: 14/14 MP: 1/1
   125 | D:1      | Reached XP level 2. HP: 18/19 MP: 2/2
   351 | D:1      | Reached XP level 3. HP: 15/23 MP: 3/3
  1084 | D:2      | Reached skill level 3 in Maces & Flails
  1084 | D:2      | Reached XP level 4. HP: 28/28 MP: 4/4
  1692 | D:3      | Reached XP level 5. HP: 27/33 MP: 5/5
  1702 | D:3      | Reached skill level 1 in Dodging
  1947 | D:3      | Reached skill level 4 in Maces & Flails
  2231 | D:3      | Reached XP level 6. HP: 38/38 MP: 6/6
  2631 | D:3      | Found a snail-covered altar of Cheibriados.
  3100 | D:4      | Found Jaanuixa's Gadget Boutique.
  3162 | D:5      | Entered Level 5 of the Dungeon
  3253 | D:5      | Found a snail-covered altar of Cheibriados.
  3263 | D:5      | Reached skill level 5 in Maces & Flails
  3263 | D:5      | Reached XP level 7. HP: 42/43 MP: 7/7
  4052 | D:6      | Reached skill level 6 in Maces & Flails
  4075 | D:6      | Reached skill level 5 in Armour
  4075 | D:6      | Reached skill level 5 in Shields
  4075 | D:6      | Reached XP level 8. HP: 45/48 MP: 8/8
  4213 | D:6      | Found a sand-covered staircase.
  4219 | Ossuary  | Entered an ossuary
  4766 | D:6      | Noticed a spiny frog
  4777 | D:6      | Killed a spiny frog
  4777 | D:6      | Reached skill level 5 in Fighting
  4777 | D:6      | Reached skill level 7 in Maces & Flails
  5141 | D:6      | Reached skill level 8 in Maces & Flails
  5141 | D:6      | Reached XP level 9. HP: 45/54 MP: 9/9
  5423 | D:6      | Noticed Blork the orc
  5434 | D:6      | Killed Blork the orc
  5628 | D:7      | Found a staircase to the Ecumenical Temple.
  5641 | Temple   | Entered the Ecumenical Temple
  5650 | Temple   | Became a worshipper of Warmaster Okawaru
  5671 | D:7      | Found an ancient bone altar of Kikubaaqudgha.
  5834 | D:7      | Noticed a deep elf mage
  5841 | D:7      | Killed a deep elf mage
  5870 | D:7      | Reached * piety under Okawaru
  5870 | D:7      | Reached skill level 1 in Stealth
  5908 | D:7      | Reached skill level 9 in Maces & Flails
  6080 | D:7      | Found a sacrificial altar of Ru.
  6080 | D:7      | Found a deep blue altar of Sif Muna.
  6080 | D:7      | Found a white marble altar of Elyvilon.
  6418 | D:8      | Found a shadowy altar of Dithmenos.
  6512 | D:8      | Reached XP level 10. HP: 61/61 MP: 10/10
  6985 | D:8      | Found an ancient bone altar of Kikubaaqudgha.
  7018 | D:8      | Reached ** piety under Okawaru
  7018 | D:8      | Reached skill level 10 in Maces & Flails
  7433 | D:9      | Reached *** piety under Okawaru
  7629 | D:9      | Reached skill level 11 in Maces & Flails
  7819 | D:9      | Reached XP level 11. HP: 65/67 MP: 11/11
  7904 | D:9      | Reached **** piety under Okawaru
  8087 | D:9      | Noticed an orc sorcerer
  8108 | D:9      | Slain by a hellwing

Vault maps used:
D:1:      dpeg_arrival_castle
D:2:      minmay_wonky_spiral, first_bread
D:3:      cheibriados_altar_wand_db
D:4:      serial_shops, shop_statue, small_statue_intersection
D:5:      old_standard_altar, serial_park_tiny_1
D:6:      enter_ossuary_1, uniq_blork_the_orc
D:7:      nicolae_overflow_crystal_walls, gammafunk_temple_overflow_claw
D:8:      old_forge, grunt_dithmenos_shadows, serial_glass, glass_columns_a,
          glass_columns_a, grunt_pizzeria, minmay_misc_feat_x,
          lemuel_mausoleum_altar_kikubaaqudgha
D:9:      cheibrodos_grave_circle, lemuel_doored_altar, eino_tiny_chamber
Temple:   hc_temple_tempest_star
Ossuary:  ossuary_the_hunt_dpeg

Skill      XL: |  1  2  3  4  5  6  7  8  9 10 11 |
---------------+----------------------------------+-----
Maces & Flails | 3 4 5 6 8 9 11 | 11.4
Dodging        | 1 2 |  2.7
Armour         | 4 5 6 7 |  7.4
Fighting       | 4 5 6 7 |  7.8
Shields        | 4 5 7 8 9 |  9.3
Stealth        | 1 |  1.0

Action                   |  1- 3 |  4- 6 |  7- 9 | 10-12 || total
-------------------------+-------+-------+-------+-------++-------
Melee: Flail             |   145 |   178 |   376 |   365 ||  1064
  Use: Potion            |       |       |       |     1 ||     1
Armor: Scale mail        |   108 |    99 |    15 |       ||   222
       Plate armour      |       |       |   163 |   116 ||   279
Dodge: Dodged            |    58 |    76 |    69 |   116 ||   319
Block: Shield            |   110 |   109 |   198 |   187 ||   604
